 Dungeon Crawl Stone Soup version 0.18-a0-1347-gb9e2fb4 (webtiles) character file.

48 Oddball22 the Cutter (level 3, -1/24 HPs)
             Began as a High Elf Skald on Feb 17, 2016.
             Slain by a giant frog (6 damage)
             ... on level 3 of the Dungeon.
             The game lasted 00:04:57 (1895 turns).

Oddball22 the Cutter (High Elf Skald)               Turns: 1895, Time: 00:04:57

Health: -1/24      AC:  5    Str: 16    XL:     3   Next: 50%
Magic:  3/7        EV: 12    Int: 16    God:
Gold:   160        SH:  0    Dex: 15    Spells: 3 memorised, 1 level left

rFire  . . .     SeeInvis .     a - +0 short sword
rCold  . . .     Gourm    .     b - +0 leather armour
rNeg   . . .     Faith    .     (no shield)
rPois  .         Spirit   .     n - +0 helmet
rElec  .         Dismiss  .     (no cloak)
rCorr  .         Reflect  .     (no gloves)
SustAt .         Harm     .     q - +0 pair of boots (curse)
MR     .....                    (no amulet)
Stlth  +.........               (no ring)
                                (no ring)

@: mighty, infused, hasted, very quick, not resistant to hostile enchantments,
very unstealthy
A: no striking features
a: no special abilities


You were on level 3 of the Dungeon.
You were not hungry.

You visited 1 branch of the dungeon, and saw 3 of its levels.

You collected 160 gold pieces.

Inventory:

Hand Weapons
 a - a +0 short sword (weapon)
Missiles
 f - 5 arrows
 t - 8 silver bolts
Armour
 b - a +0 leather armour (worn)
 n - a +0 helmet (worn)
 q - a cursed +0 pair of boots (worn)
Scrolls
 e - 2 scrolls of teleportation {unknown}
 i - 2 scrolls of enchant weapon {unknown}
 o - 3 scrolls of identify {unknown}
 p - a scroll of enchant armour {unknown}
 r - 2 scrolls of noise {unknown}
 s - a scroll of fear {unknown}
Potions
 g - a potion of invisibility {unknown}
 h - a potion of might
 l - a potion of brilliance {unknown}
 m - a potion of haste
 u - a potion of magic {unknown}
 v - a potion of degeneration {unknown}
 w - a potion of berserk rage {unknown}
Books
 c - a book of Battle

   Spells                             Type                      Level
   a - Infusion                       Charms                       1
   b - Shroud of Golubria             Charms/Translocation         2
   c - Song of Slaying                Charms                       2
   d - Spectral Weapon                Hexes/Charms                 3
   e - Regeneration                   Charms/Necromancy            3
Comestibles
 d - 4 bread rations
 j - a royal jelly
 k - a beef jerky


   Skills:
 - Level 2.0 Fighting
 * Level 4.2 Short Blades
 - Level 0.8 Armour
 + Level 2.1 Dodging
 - Level 2.4 Spellcasting
 - Level 3.6 Charms


You had one spell level left.
You knew the following spells:

 Your Spells              Type           Power        Failure   Level  Hunger
a - Infusion              Chrm           ##..         8%          1    #......
b - Song of Slaying       Chrm           ##......     10%         2    ###....
c - Shroud of Golubria    Chrm/Tloc      #.........   21%         2    ###....


Dungeon Overview and Level Annotations

Branches:
Dungeon (3/15)

Altars:


Message History

Confirm with . or Enter, or press ? or * to list all spells.
You begin infusing your attacks with magical energy.
The giant frog hits you! The giant frog hits you.
Your shroud falls apart!
You hit the giant frog.
The giant frog is lightly wounded.
The giant frog hits you.
You closely miss the giant frog.
The giant frog is lightly wounded.
The giant frog hits you but does no damage.
The giant frog closely misses you.
Drink which item? (? for menu, Esc to quit)
It was a potion of might.
You feel very mighty all of a sudden. The giant frog hits you.
* * * LOW HITPOINT WARNING * * *
Drink which item? (? for menu, Esc to quit)
It was a potion of haste.
You feel yourself speed up. The giant frog closely misses you.
The giant frog hits you.
You die...

.. #.##. #g##.
##.##.####
##<..#.....
#..........#
#.#......#.#
#.#.#.#...#.#
#.###..#..@#.###
..#
..#.....F...#
### #........#.#
#........#.# #
#.#......#.###
...###...#.#....
#.............>.
#####.......###
#.####..#


You could see a giant frog and a hobgoblin (wandering).

Vanquished Creatures
  2 adders (D:2)
  2 giant geckos
  4 giant cockroaches
  5 goblins
  2 hobgoblins
  A quokka (D:2)
  6 bats
  2 giant newts (D:1)
  3 rats (D:1)
27 creatures vanquished.

Notes
Turn   | Place    | Note
--------------------------------------------------------------
     0 | D:1      | Oddball22 the High Elf Skald began the quest for the Orb.
     0 | D:1      | Reached XP level 1. HP: 14/14 MP: 4/4
   227 | D:1      | Reached XP level 2. HP: 16/19 MP: 1/6
   371 | D:1      | Learned a level 2 spell: Song of Slaying
   374 | D:1      | Learned a level 2 spell: Shroud of Golubria
   702 | D:1      | You fall through a shaft!
   958 | D:2      | Reached XP level 3. HP: 24/24 MP: 3/7
  1431 | D:2      | Reached skill level 4 in Short Blades
  1835 | D:3      | Noticed a giant frog
  1895 | D:3      | Slain by a giant frog

Vault maps used:
D:1:      evilmike_arrival_run_for_it, minmay_close_crescents
D:2:      serial_curves, eino_curves_04, eino_curves_02, dk_noncrumbling_4
D:3:      ecumenical_altar_1, first_bread, nemelex_deck, uniq_robin

Action                   || total
-------------------------++-------
Melee: Short sword       ||   119
 Cast: Infusion          ||     7
       Shroud of Golubri ||     1
  Use: Potion            ||     2
  Eat: Chunk             ||     3
